 Dungeon Crawl Stone Soup version 0.21.1-1-g345015f (webtiles) character file.

17 letownia2 the Magician (level 2, -3/19 HPs)
             Began as a Merfolk Wizard on Mar 11, 2018.
             Killed from afar by an orc wizard (6 damage)
             ... with a magic dart
             ... on level 4 of the Dungeon.
             The game lasted 00:03:49 (562 turns).

letownia2 the Magician (Merfolk Wizard)              Turns: 562, Time: 00:03:50

Health: -3/19      AC:  2    Str:  7    XL:     2   Next: 62%
Magic:  0/6        EV: 13    Int: 17    God:
Gold:   37         SH:  0    Dex: 12    Spells: 4/7 levels left

rFire    . . .     SeeInvis .   j - +0 dagger
rCold    . . .     Gourm    .   (no shield)
rNeg     . . .     Faith    .   a - +0 robe
rPois    .         Spirit   .   b - +0 hat
rElec    .         Reflect  .   (no cloak)
rCorr    +         Harm     .   (no gloves)
MR       .....                  (no boots)
Stlth    ++........             (no amulet)
HPRegen  0.06/turn              h - ring of resist corrosion
MPRegen  0.10/turn              (no ring)

@: no status effects
A: change form in water, swift swim, stealthy swim
a: no special abilities


You were on level 4 of the Dungeon.
You were not hungry.

You visited 1 branch of the dungeon, and saw 4 of its levels.

You collected 37 gold pieces.

Inventory:

Hand Weapons
 f - a +1 rapier of draining
 j - a +0 dagger (weapon)
 m - a +0 scimitar
Armour
 a - a +0 robe (worn)
 b - a +0 hat (worn)
 e - a +0 ring mail
 i - a +0 pair of boots
 l - a +0 leather armour
 o - a cursed -2 robe
Jewellery
 h - a ring of resist corrosion (left hand)
Scrolls
 g - 2 scrolls of identify {unknown}
 n - a scroll of remove curse {unknown}
Potions
 k - a potion of brilliance {unknown}
Books
 c - a book of Minor Magic

   Spells                             Type                      Level
   a - Magic Dart                     Conjuration                  1
   b - Blink                          Translocation                2
   c - Call Imp                       Summoning                    2
   d - Slow                           Hexes                        2
   e - Conjure Flame                  Conjuration/Fire             3
   f - Mephitic Cloud                 Conjuration/Poison/Air       3
Comestibles
 d - 3 rations


   Skills:
 - Level 2.6 Dodging
 - Level 2.1 Stealth
 - Level 3.1 Spellcasting
 + Level 1.9 Conjurations
 - Level 1.0 Summonings
   Level 0.7 Translocations


You had 4 spell levels left.
You knew the following spells:

 Your Spells              Type           Power        Failure   Level  Hunger
a - Magic Dart            Conj           #...         8%          1    None
i - Call Imp              Summ           #.......     17%         2    ##.....


Dungeon Overview and Level Annotations

Branches:
Dungeon (4/15)
 Temple: D:4-7

Altars:


Message History

The orc wizard hits your crimson imp with a dagger.
Your crimson imp blinks!
Your crimson imp hits the orc wizard.
Your crimson imp hits the orc wizard but does no damage.
Casting: Call Imp
Confirm with . or Enter, or press ? or * to list all spells.
A metallic apparition takes form in the air.
The orc wizard barely misses your crimson imp.
Your crimson imp closely misses the orc wizard.
Your crimson imp blinks!
Unknown command.
Unknown command.
You barely miss the orc wizard.
The orc wizard is heavily wounded.
The orc wizard casts a spell at you. The puff of flame hits you!
* * * LOW HITPOINT WARNING * * *
The orc wizard gestures at you while chanting.
The magic dart hits you!
You die...

### ##### #####
.######.####... #.#.#
..............######.#.#
####.##.##.....5....#######
#........5.555............#
#..##########o########.###.#
#.# # #@# #.# .# #. .# #.#
#.# .# #.#.# #.# #.# .#
#.#oo #$# #.# %# #.#.## #.#
#<# .# a#.#.### #.# #.# .#
#.#.#.. #.# #.# .#.#.. #.#
#.# #.#.# #.#


You could see an orc wizard, a friendly iron imp and 2 friendly crimson imps.

Vanquished Creatures
  4 hobgoblins
  A kobold (D:2)
  A quokka (D:3)
  A bat (D:2)
  A frilled lizard (D:3)
  A rat (D:2)
9 creatures vanquished.

Vanquished Creatures (collateral kills)
  An adder (D:3)
1 creature vanquished.

Grand Total: 10 creatures vanquished

Notes
Turn   | Place    | Note
-------+----------+-------------------------------------------
     0 | D:1      | letownia2 the Merfolk Wizard began the quest for the Orb.
     0 | D:1      | Reached XP level 1. HP: 13/13 MP: 4/4
    74 | D:2      | Reached skill level 1 in Conjurations
   131 | D:2      | Reached XP level 2. HP: 15/19 MP: 0/6
   138 | D:2      | Learned a level 2 spell: Call Imp
   562 | D:4      | Killed from afar by an orc wizard

Skill      XL: |  1 |
---------------+----+-----
Conjurations   | 1 |  1.9
Dodging        | |  2.6
Stealth        | |  2.1
Spellcasting   | |  3.1
Summonings     | |  1.0
Translocations | |  0.7

Action                   || total
-------------------------++-------
Melee: Unarmed           ||     3
       Dagger            ||     9
 Cast: Magic Dart        ||    20
       Call Imp          ||     7
  Use: Potion            ||     2
 Stab: Sleeping          ||     2
Armor: Robe              ||     1
Dodge: Dodged            ||    22
